 Dungeon Crawl Stone Soup version 0.28.0-53-g5a82cb258f (webtiles) character file.

Game seed: 12622977014051674031

37 Sin92 the Magician (level 3, 0/25 HPs)
             Began as a Demonspawn Hedge Wizard on July 14, 2022.
             Slain by an adder (4 damage)
             ... on level 2 of the Dungeon.
             The game lasted 00:01:20 (1983 turns).

Sin92 the Magician (Demonspawn Hedge Wizard)        Turns: 1983, Time: 00:01:21

Health: 0/25       AC:  2    Str: 10    XL:     3   Next: 21%
Magic:  7/7        EV: 12    Int: 15    God:
Gold:   68         SH:  4    Dex: 14    Spells: 7/8 levels left

rFire   . . .      SeeInvis .   a - +0 dagger
rCold   . . .      Faith    .   (no shield)
rNeg    . . .      Spirit   .   b - +0 robe
rPois   +          Reflect  .   c - +0 hat
rElec   .          Harm     .   (no cloak)
rCorr   .          Rampage  .   (no gloves)
Will    .....                   (no boots)
Stlth   ++........              (no amulet)
HPRegen 0.08/turn               h - ring of poison resistance
MPRegen 0.10/turn               (no ring)

@: lethally poisoned (0 -> -5)
A: hooves 1, large bone plates 1
a: no special abilities


You were on level 2 of the Dungeon.
You visited 1 branch of the dungeon, and saw 2 of its levels.

You collected 68 gold pieces.

Inventory:

Hand Weapons
 a - a +0 dagger (weapon)
Armour
 b - a +0 robe (worn)
 c - a +0 hat (worn)
Jewellery
 h - a ring of poison resistance (left hand)
Scrolls
 d - a scroll of fear {unknown}
 e - a scroll of identify {unknown}
 i - 2 scrolls of vulnerability {unknown}


   Skills:
 + Level 0.9 Fighting
 + Level 0.4 Short Blades
 + Level 2.0 Dodging
 + Level 2.0 Stealth
 + Level 3.1 Spellcasting
 + Level 1.4 Conjurations
 + Level 1.3 Summonings
 + Level 1.2 Translocations


You had 7 spell levels left.
You knew the following spells:

 Your Spells              Type           Power      Damage    Failure   Level
a - Magic Dart            Conj           24%        1d4       11%         1

Your spell library contained the following spells:

 Spells                   Type           Power      Damage    Failure   Level
 Call Imp                 Summ           6%         N/A       17%         2
 Blink                    Tloc           12%        N/A       19%         2
 Sandblast                Erth           4%         2d4       21%         1
 Slow                     Hex            8%         N/A       21%         1
 Passwall                 Tmut/Erth      1%         N/A       30%         2
 Sublimation of Blood     Necr           2%         N/A       30%         2
 Wereblood                Tmut           2%         N/A       30%         2
 Conjure Flame            Conj/Fire      4%         6-21      41%         3
 Stone Arrow              Conj/Erth      8%         3d7       41%         3
 Mephitic Cloud           Conj/Pois/Air  3%         N/A       43%         3
 Summon Hydra             Summ           3%         N/A       100%        7


Dungeon Overview and Level Annotations

Branches:
Dungeon (2/15)

Altars:

Shops:
D:1 ?   D:2 =


Innate Abilities, Weirdness & Mutations

You have large cloven feet.
You are partially covered in large bone plates. (SH +4)


Message History

The adder is moderately wounded.
The adder barely misses you.
You barely miss the adder.
The adder is moderately wounded.
The adder barely misses you.
You barely miss the adder. You kick the adder.
The adder is severely wounded.
The adder barely misses you.
You barely miss the adder. Your punch misses the adder.
The adder is severely wounded.
The adder bites you. x2
You are poisoned.
The adder poisons you!
You closely miss the adder. Your kick misses the adder.
The adder is severely wounded.
You feel sick. The adder closely misses you.
You hit the adder. Your kick misses the adder.
The adder is almost dead.
The adder bites you.
You closely miss the adder.
The adder is almost dead.
You feel sick. The adder barely misses you.
You are too injured to fight recklessly!
You are too injured to fight recklessly!
You are too injured to fight recklessly!
You are too injured to fight recklessly!
You miss the adder. Your kick misses the adder.
The adder is almost dead.
You feel sick. The adder misses you.
You miss the adder. Your kick misses the adder.
The adder is almost dead.
You feel sick. The adder bites you. x2
* * * LOW HITPOINT WARNING * * *
You are lethally poisoned!
The adder poisons you!
You barely miss the adder. Your punch misses the adder.
The adder is almost dead.
* * * LOW HITPOINT WARNING * * *
You feel sick. The adder bites you.
You die...

......##.# #.#.# #.###.#####.#
.......#.# #.#.## #.#......##.#
.....#.#.# #.#.............##.##
.....#...####.#..###.#.#.........
.....##..#....#..# #.#......##.##
.....##..#.####..# #.#......##.#
#<#####..#.####..# #.#......##.#
#. ##......#.S# #.#......##.# #.
#.).##.#.@###.#......##.#
#>..##.#....#......####.##
#...##.##.#...........#'#.
..........#..##....####.##
##.........#..#.....####.##
.....#....#..####...+..∩..
.....#..............###.##
......#..####.....#.#.
.###............####+##


You could see an adder.

Vanquished Creatures
  An adder (D:2)
  A dart slug (D:2)
  3 bats (D:1)
  An endoplasm (D:2)
  3 goblins (D:1)
  5 hobgoblins
  A quokka (D:1)
  4 ball pythons
  3 kobolds (D:1)
  A rat (D:2)
  A spectral kobold (D:1)
24 creatures vanquished.

Notes
Turn   | Place    | Note
-------+----------+-------------------------------------------
     0 | D:1      | Sin92 the Demonspawn Hedge Wizard began the quest for the
                  | Orb.
     0 | D:1      | Reached XP level 1. HP: 13/13 MP: 4/4
   119 | D:1      | Reached skill level 1 in Translocations
   304 | D:1      | Found a faded altar of an unknown god.
   360 | D:1      | Gained mutation: You have large cloven feet. [demonic
                  | ancestry]
   360 | D:1      | Reached XP level 2. HP: 19/19 MP: 6/6
   388 | D:1      | Found Vuggep's Magic Scroll Boutique.
  1474 | D:2      | Found Dimmuhes's Jewellery Shop.
  1491 | D:2      | Gained mutation: You are partially covered in large bone
                  | plates. (SH +4) [potion of mutation]
  1491 | D:2      | Gained mutation: You are clumsy. (Dex -2) [potion of
                  | mutation]
  1491 | D:2      | Lost mutation: You are clumsy. (Dex -2) [potion of
                  | mutation]
  1497 | D:2      | Reached XP level 3. HP: 3/25 MP: 4/7
  1983 | D:2      | Slain by an adder

Illustrated notes

Levels and vault maps discovered:
D:1:      dpeg_arrival_tiny_i, layout_loops_cross,
          dreamdust_ecumenical_altar_drowned_temple, serial_shops, shop,
          solitary_fountain
D:2:      layout_basic, serial_shops, nicolae_shop_hallway_plus

Skill      XL: |  1  2 |
---------------+-------+-----
Translocations | 1 |  1.2
Stealth        | 2 |  2.0
Dodging        | 2 |  2.0
Fighting       | |  0.9
Short Blades   | |  0.4
Spellcasting   | |  3.1
Conjurations   | |  1.4
Summonings     | |  1.3

Action                   || total
-------------------------++-------
Melee: Dagger            ||    62
       Punch             ||     2
       Kick              ||    10
 Cast: Magic Dart        ||    27
  Use: Potion            ||     3
 Stab: Sleeping          ||     4
Armor: Robe              ||    12
Dodge: Dodged            ||    59
Block: Other             ||     2
